 Dungeon Crawl Stone Soup version 0.19.4 (webtiles) character file.

56 Gargoyl the Skirmisher (level 3, 0/31 HPs)
             Began as a Ghoul Abyssal Knight on Feb 1, 2017.
             Was a Follower of Lugonu.
             Killed from afar by Natasha (8 damage)
             ... with a magic dart
             ... on level 2 of the Dungeon.
             The game lasted 00:02:04 (748 turns).

Gargoyl the Skirmisher (Ghoul Abyssal Knight)        Turns: 748, Time: 00:02:05

Health: 0/31       AC:  7    Str: 15    XL:     3   Next: 97%
Magic:  3/3        EV: 10    Int:  7    God:    Lugonu [*.....]
Gold:   44         SH:  0    Dex:  9    Spells: 0 memorised, 2 levels left

rFire  . . .     SeeInvis .     b - +0 war axe
rCold  + . .     Gourm    .     k - +0 ring mail
rNeg   + + +     Faith    .     (no shield)
rPois  ∞         Spirit   .     (no helmet)
rElec  .         Reflect  .     (no cloak)
rCorr  .         Harm     .     (no gloves)
MR     .....                    f - +1 pair of boots {run}
Stlth  ..........               (no amulet)
                                (no ring)
                                (no ring)

@: rotting, slowed, very slow
A: rotting body, claws 1, carnivore 3, cold resistance 1, negative energy
resistance 3, slow regeneration 1, torment resistance, unbreathing
a: Depart the Abyss, Renounce Religion


You were on level 2 of the Dungeon.
You worshipped Lugonu.
Lugonu was aware of your devotion.
You were not hungry.

You visited 1 branch of the dungeon, and saw 2 of its levels.
You visited the Abyss 1 time.

You collected 44 gold pieces.

Inventory:

Hand Weapons
 a - a +1 hand axe
 b - a +0 war axe (weapon)
Armour
 f - a +1 pair of boots of running (worn)
 k - a +0 ring mail (worn)
Potions
 d - a potion of brilliance
 e - a potion of curing
Comestibles
 c - a meat ration
 g - a beef jerky


   Skills:
 + Level 3.5 Fighting
 + Level 2.8 Axes
 * Level 2.2 Armour
 + Level 1.1 Dodging
 * Level 2.4 Invocations


You had 2 spell levels left.
You didn't know any spells.

Dungeon Overview and Level Annotations

Branches:
Dungeon (2/15)

Altars:

Annotations:
D:2 Natasha


Innate Abilities, Weirdness & Mutations

Your body is rotting away.
You thrive on raw meat.
You are immune to poison.
You have sharp fingernails.
You are carnivorous and can eat meat at any time.
Your flesh is cold resistant. (rC+)
You are immune to negative energy. (rN+++)
You regenerate slowly when monsters are visible.
You are immune to unholy pain and torment.
You can survive without breathing.


Message History

You closely miss Natasha.
Natasha mumbles some strange words.
Natasha claws you.
* * * LOW HITPOINT WARNING * * *
You hit Natasha.
Natasha is moderately wounded.
Natasha casts a spell.
Natasha claws you but does no damage.
You hit Natasha but do no damage.
Natasha is moderately wounded.
Natasha claws you.
* * * LOW HITPOINT WARNING * * *
The crimson imp blinks!
Natasha closely misses you. The shadow imp closely misses you.
The crimson imp blinks!
You miss Natasha.
Natasha is moderately wounded.
You closely miss the shadow imp.
Natasha stares at you and mumbles some strange words.
The magic dart hits you!
You die...

## ...# .#.$.#######
.....§h@...### ######
####..5).....### #....#
....§####.##...####.##.#
...$ #.####..........
..( #......##..##..# ..
######....#...## .
##....#.###
.######........###
..........####...#


You could see Natasha and a shadow imp.

Vanquished Creatures
  Natasha (D:2)
  An adder (D:2)
  2 leopard geckos
  2 bats
  2 giant cockroaches (D:1)
  4 goblins
  2 hobgoblins
  2 frilled lizards (D:1)
  4 kobolds (D:1)
  A rat (D:1)
21 creatures vanquished.

Notes
Turn   | Place    | Note
-------+----------+-------------------------------------------
     0 | Abyss:1  | Gargoyl the Ghoul Abyssal Knight began the quest for the Orb.
     0 | Abyss:1  | Reached XP level 1. HP: 19/19 MP: 1/1
    64 | Abyss:2  | Identified a +1 pair of boots of running (You found it on level 2 of the Abyss)
    87 | Abyss:2  | Noticed a spatial vortex
    87 | Abyss:2  | Noticed an ancient zyme
    88 | D:1      | Escaped the Abyss
   152 | D:1      | Reached * piety under Lugonu
   394 | D:1      | Reached XP level 2. HP: 24/26 MP: 2/2
   701 | D:2      | Noticed Natasha
   710 | D:2      | Killed Natasha
   710 | D:2      | Reached skill level 1 in Dodging
   710 | D:2      | Reached XP level 3. HP: 16/31 MP: 3/3
   737 | D:2      | Noticed Natasha
   748 | D:2      | Killed from afar by Natasha

Skill      XL: |  1  2 |
---------------+-------+-----
Axes           | 2 |  2.8
Armour         | 2 |  2.2
Dodging        | 1 |  1.1
Fighting       | |  3.5
Invocations    | |  2.4

Action                   || total
-------------------------++-------
Melee: Hand axe          ||    43
       War axe           ||    30
Invok: Depart the Abyss  ||     1
  Use: Scroll            ||     4
       Potion            ||     1
  Eat: Chunk             ||    14
Armor: Leather armour    ||    12
       Ring mail         ||    30
Dodge: Dodged            ||    71
